 Dungeon Crawl Stone Soup version 0.28-a0-925-gd5e1996cdb (webtiles) character file.

Game seed: 7710180426726171243

539 dolemite99 the Ruffian (level 7, -21/62 HPs)
             Began as a Troll Brigand on Nov 27, 2021.
             Was a Believer of Fedhas.
             Demolished by an ogre (26 damage)
             ... on level 5 of the Dungeon.
             The game lasted 00:03:17 (3625 turns).

dolemite99 the Ruffian (Troll Brigand)              Turns: 3625, Time: 00:03:18

Health: -21/62     AC:  5    Str: 22    XL:     7   Next: 5%
Magic:  7/7        EV:  9    Int:  7    God:    Fedhas [**....]
Gold:   101        SH:  0    Dex: 11    Spells: 6/6 levels left

rFire   . . .      SeeInvis .     - Unarmed
rCold   . . .      Faith    .   (no shield)
rNeg    . . .      Spirit   .   b - +0 robe
rPois   .          Reflect  .   (helmet restricted)
rElec   .          Harm     .   c - +0 cloak
rCorr   .          Rampage  .   (gloves unavailable)
Will    .....                   (boots unavailable)
Stlth   ++........              (no amulet)
HPRegen 1.00/turn               (no ring)
MPRegen 0.10/turn               (no ring)

@: lethally poisoned (-21 -> -22)
A: large, unfitting armour, claws 3, regeneration 1, shaggy fur 1, tough skin 1
a: Renounce Religion, Wall of Briars


You were on level 5 of the Dungeon.
You worshipped Fedhas.
Fedhas was pleased with you.
You visited 1 branch of the dungeon, and saw 5 of its levels.

You collected 101 gold pieces.

Inventory:

Hand Weapons
 a - a +2 dagger
Missiles
 g - 7 arrows
 q - 85 stones (quivered)
 v - 2 poisoned darts
Armour
 b - a +0 robe (worn)
 c - a +0 cloak (worn)
Jewellery
 t - a +4 ring of protection
Wands
 d - a wand of charming (12)
Scrolls
 i - 4 scrolls of teleportation {unknown}
 j - a scroll of holy word {unknown}
 k - a scroll of amnesia {unknown}
 l - 2 scrolls of blinking
 n - a scroll of torment {unknown}
 s - a scroll of enchant armour {unknown}
 u - a scroll of identify {unknown}
Potions
 f - 2 potions of heal wounds {unknown}
 h - 2 potions of might {unknown}
 m - 4 potions of curing {unknown}
 o - a potion of haste
 r - a potion of invisibility {unknown}


   Skills:
 - Level 1.5 Fighting
 - Level 1.5 Short Blades
 - Level 1.7 Throwing
 - Level 0.7 Dodging
 - Level 2.4 Stealth
 + Level 6.7 Unarmed Combat
 + Level 2.0 Invocations


You had 6 spell levels left.
You didn't know any spells.
Your spell library contained the following spells:

 Spells                   Type           Power      Damage    Failure   Level
 Call Canine Familiar     Summ           0%         N/A       80%         3
 Conjure Flame            Conj/Fire      0%         6-21      80%         3
 Ignite Poison            Fire/Tmut/Pois 0%         N/A       80%         3
 Portal Projectile        Hex/Tloc       0%         N/A       80%         3
 Leda's Liquefaction      Hex/Erth       0%         N/A       99%         4
 Sticky Flame             Conj/Fire      0%         2d3       99%         4


Dungeon Overview and Level Annotations

Branches:
Dungeon (5/15)
 Temple: D:4-7

Altars:
Fedhas

Shops:
D:4 [


Innate Abilities, Weirdness & Mutations

You are too large for most types of armour.
You have claws for hands.
Your natural rate of healing is unusually fast.
You are covered in fur. (AC +1)
You have tough skin. (AC +1)


Message History

You closely miss the scorpion.
The scorpion is heavily wounded.
You feel sick.
The scorpion stings you but does no damage.
You barely miss the scorpion.
The scorpion is heavily wounded.
You feel sick. The scorpion stings you.
You are more poisoned.
The scorpion poisons you!
You scratch the scorpion but do no damage.
The scorpion is heavily wounded.
You feel sick. The scorpion closely misses you.
You scratch the scorpion.
The scorpion is severely wounded.
You feel sick. The scorpion misses you.
You claw the scorpion!
You kill the scorpion!
Fedhas appreciates your contribution to the ecosystem.
You feel sick.
Your Invocations skill increases to level 2!
You have reached level 7!
You start resting.
You feel sick. x2
An ogre comes into view. It is wielding a +0 giant club.
An ogre is nearby!
An ogre is nearby!
You feel sick.
The ogre shouts!
An orc priest comes into view. It is wielding a +0 dagger.
Things that are here:
a +0 mace; a +0 leather armour You barely miss the ogre.
You feel sick.
The ogre hits you with a +0 giant club!!
* * * LOW HITPOINT WARNING * * *
You scratch the ogre but do no damage.
You feel sick.
The orc priest mumbles some strange prayers to Beogh against you.
Pain shoots through your body!
* * * LOW HITPOINT WARNING * * *
The ogre hits you with a +0 giant club!!
You die...
Fedhas appreciates your contribution to the ecosystem.

### #####
#<##....#.
#.###)#.......
#.....@....#
#o###.#O#..#
#..... $..
###....# .
.#..[. ###..?.
..## .#


You could see an ogre and an orc priest.

Vanquished Creatures
  A black bear (D:4)
  A scorpion (D:5)
  A hound (D:3)
  A jelly (D:4)
  An orc priest (D:5)
  Jessica (D:2)
  Natasha (thrice) (D:3)
  3 orc wizards
  7 adders
  A worm (D:2)
  3 dart slugs
  6 orcs
  4 endoplasms
  2 giant cockroaches (D:3)
  7 goblins
  A hobgoblin (D:2)
  4 jackals
  2 kobolds (D:2)
  6 ball pythons
  7 bats
  A frilled lizard (D:2)
  5 rats
68 creatures vanquished.

Notes
Turn   | Place    | Note
-------+----------+-------------------------------------------
     0 | D:1      | dolemite99 the Troll Brigand began the quest for the Orb.
     0 | D:1      | Reached XP level 1. HP: 19/19 MP: 0/0
   492 | D:1      | Reached skill level 1 in Unarmed Combat
   536 | D:1      | Found a faded altar of an unknown god.
   631 | D:1      | Reached XP level 2. HP: 27/27 MP: 1/1
   773 | D:1      | Prayed at the altar of an unknown god.
   773 | D:1      | Became a worshipper of Fedhas Madash
   773 | D:1      | Reached * piety under Fedhas
  1057 | D:2      | Reached skill level 2 in Unarmed Combat
  1135 | D:2      | Noticed Jessica
  1143 | D:2      | Killed Jessica
  1144 | D:2      | Reached skill level 3 in Unarmed Combat
  1144 | D:2      | Reached XP level 3. HP: 28/33 MP: 2/2
  1326 | D:2      | Reached XP level 4. HP: 40/41 MP: 3/3
  1397 | D:2      | Reached skill level 4 in Unarmed Combat
  1475 | D:2      | Reached ** piety under Fedhas
  2115 | D:3      | Reached XP level 5. HP: 33/48 MP: 4/4
  2283 | D:3      | Noticed Natasha
  2297 | D:3      | Reached skill level 5 in Unarmed Combat
  2302 | D:3      | Killed Natasha
  2431 | D:3      | Noticed Natasha
  2442 | D:3      | Killed Natasha
  2575 | D:3      | Noticed Natasha
  2580 | D:3      | Killed Natasha
  2934 | D:3      | Reached XP level 6. HP: 25/55 MP: 5/5
  2938 | D:3      | Reached skill level 6 in Unarmed Combat
  3256 | D:4      | Found Etwe's Antique Armour Shoppe.
  3372 | D:4      | Reached skill level 1 in Invocations
  3590 | D:5      | Entered Level 5 of the Dungeon
  3621 | D:5      | Reached XP level 7. HP: 33/62 MP: 7/7
  3625 | D:5      | Demolished by an ogre

Illustrated notes

Levels and vault maps discovered:
D:1:      minmay_arrival_widening_spiral_narrow, layout_loops_ring,
          ebering_ecumenical_altar_sacrificial, hex_medium, nrook_loot_triangle,
          corexii_hall_statues_u, feat_on_display
D:2:      layout_loops_cross, minmay_misc_feat_pillars, minmay_diced_spiral,
          uniq_jessica
D:3:      layout_basic, minmay_bisected, uniq_natasha
D:4:      layout_rooms, serial_curves, eino_curves_01, eino_curves_02,
          serial_shops, shop, chequers_serial_rivers_micro_e
D:5:      layout_loops_ring, fedhas_altar_4, grunt_temple_overflow_open,
          minmay_temple_entry_wispy, portal_sewer_entry_d,
          nicolae_concentric_dashed_squares_wild

Skill      XL: |  1  2  3  4  5  6 |
---------------+-------------------+-----
Unarmed Combat | 1 3 4 5 6 |  6.7
Invocations    | 2 |  2.0
Fighting       | |  1.5
Short Blades   | |  1.5
Throwing       | |  1.7
Dodging        | |  0.7
Stealth        | |  2.4

Action                   |  1- 3 |  4- 6 |  7- 9 || total
-------------------------+-------+-------+-------++-------
Melee: Unarmed           |    43 |   131 |     2 ||   176
       Punch             |       |     2 |       ||     2
Throw: Dart              |    35 |    24 |       ||    59
  Use: Scroll            |       |     3 |       ||     3
 Stab: Sleeping          |       |     2 |       ||     2
Armor: Robe              |    28 |    57 |       ||    85
Dodge: Dodged            |    31 |    79 |       ||   110

Table legend: (Time is in decaauts)
 A = Elapsed time spent in this place.
 B = Non-inter-level travel time spent in this place.
 C = Inter-level travel time spent in this place.
 D = Time resting spent in this place.
 E = Time spent auto-exploring this place.
 F = Levels seen in this place.
 G = Mean time per level.
                   A        B        C        D        E       F      G
               +--------+--------+--------+--------+--------+-----+--------+
         Total |   3615 |   3471 |    144 |    539 |   2341 |   5 |  723.0 |
       Dungeon |   3615 |   3471 |    144 |    539 |   2341 |   5 |  723.0 |
               +--------+--------+--------+--------+--------+-----+--------+

Top non-repeatable levels by time:
     D:2: 1007 daAuts
     D:1: 979 daAuts
     D:3: 975 daAuts
     D:4: 621 daAuts
     D:5: 31 daAuts
